 Dungeon Crawl Stone Soup version 0.30-a0-1008-g30c9307041 (webtiles) character file.

Game seed: 13101206857254210189

10451 cforsyth the Summoner (level 11, -1/61 HPs)
             Began as an Octopode Summoner on Apr 5, 2023.
             Was an Initiate of Gozag.
             Slain by a sixfirhy (9 damage)
             ... summoned by a kobold demonologist
             ... on level 10 of the Dungeon.
             The game lasted 00:31:31 (14446 turns).

cforsyth the Summoner (Octopode Summoner)          Turns: 14446, Time: 00:31:32

Health: -1/61      AC:  1    Str: 12    XL:     11   Next: 62%
Magic:  10/26      EV: 13    Int: 22    God:    Gozag
Gold:   1976       SH:  0    Dex: 18    Spells: 13/32 levels left

rFire   . . .      SeeInvis .    F - staff of poison
rCold   . . .      Faith    .    (no shield)
rNeg    + + .      Spirit   .    (helmet restricted)
rPois   +          Reflect  .    (no amulet)
rElec   .          Rampage  .    q - +6 ring of dexterity
rCorr   .                        y - ring of the Princeling {Drain rPois rN++ Str+4}
Will    .....                    (no ring)
Stlth   +++                      (no ring)
HPRegen 0.30/turn                (no ring)
MPRegen 0.20/turn                (no ring)
                                 (no ring)
                                 (no ring)

@: about to teleport, gold aura, studying Fighting
A: almost no armour, amphibious, 8 rings, camouflage 1, gelatinous body 1,
(nimble swimmer 1), tentacles
a: Renounce Religion, Potion Petition, Call Merchant, Bribe Branch


You were on level 10 of the Dungeon.
You worshipped Gozag.
Gozag was most pleased with you.
You visited 2 branches of the dungeon, and saw 12 of its levels.
You also visited: Bailey.

You collected 2039 gold pieces.
You paid 63 gold pieces to Gozag.

Inventory:

Hand Weapons
 A - the +0 halberd of Disaster {spect, Dex+2}
   (You found it on level 10 of the Dungeon)

   Dex:       It affects your dexterity (+2).
Missiles
 w - 2 throwing nets
Magical Staves
 F - a staff of poison (weapon)
Jewellery
 c - a ring of ice
 q - a +6 ring of dexterity (left tentacle)
 r - a ring of fire
 y - the ring of the Princeling (right tentacle) {Drain rPois rN++ Str+4}
   (You found it on level 8 of the Dungeon)

   [ring of poison resistance]

   Str:       It affects your strength (+4).
   rPois:     It protects you from poison.
   rN:        It greatly protects you from negative energy.
   Drain:     It drains your maximum health when unequipped.
 C - a +4 ring of slaying
Wands
 d - a wand of paralysis (6)
 i - a wand of polymorph (7)
 m - a wand of mindburst (31)
 x - a wand of flame (35)
 G - a wand of iceblast (12)
Scrolls
 b - a scroll of fear
 e - a scroll of summoning
 f - a scroll of torment
 k - 7 scrolls of teleportation
 l - a scroll of enchant weapon
 n - 2 scrolls of amnesia
 o - 6 scrolls of enchant armour
 p - 3 scrolls of brand weapon
 v - a scroll of poison
 B - 2 scrolls of immolation
 H - a scroll of blinking
Potions
 a - 5 potions of magic
 g - 3 potions of flight
 h - 3 potions of lignification
 j - 2 potions of attraction
 s - a potion of ambrosia
 t - a potion of curing
 u - 2 potions of brilliance
 z - a potion of berserk rage
 E - 3 potions of haste
 I - 2 potions of resistance


   Skills:
 - Level 2.0 Dodging
 - Level 2.6 Stealth
 + Level 11.0 Spellcasting
 - Level 5.0 Hexes
 + Level 12.3 Summonings
 - Level 5.0 Air Magic


You had 13 spell levels left.
You knew the following spells:

 Your Spells              Type           Power      Damage    Failure   Level
a - Summon Small Mammal   Summ           100%       N/A       1%          1
b - Call Imp              Summ           61%        N/A       1%          2
c - Call Canine Familiar  Summ           61%        N/A       1%          3
d - Summon Guardian Gole  Hex/Summ       50%        N/A       1%          3
e - Summon Lightning Spi  Summ/Air       50%        N/A       1%          4
g - Summon Cactus Giant   Summ           30%        N/A       5%          6

Your spell library contained the following spells:

 Spells                   Type           Power      Damage    Failure   Level
 Magic Dart               Conj           48%        1d5       5%          1
 Scorch                   Fire           24%        2d6       9%          2
 Mephitic Cloud           Conj/Pois/Air  29%        N/A       9%          3
 Gell's Gravitas          Tloc           12%        N/A       16%         3
 Teleport Other           Tloc           12%        N/A       16%         3
 Flame Wave               Conj/Fire      12%        2d6       47%         4
 Dispersal                Tloc           6%         N/A       100%        6


Dungeon Overview and Level Annotations

Branches:
Dungeon (11/15)            Temple (1/1) D:4            Lair (0/5) D:9
    Orc (0/2) D:9          Bailey (visited)

Altars:
Ashenzari
Cheibriados
Dithmenos
Elyvilon
Fedhas
Gozag
Hepliaklqana
Kikubaaqudgha
Makhleb
Nemelex Xobeh
Okawaru
Qazlal
Ru
Sif Muna
Trog
Uskayaw
Vehumet
Wu Jian
Xom
Yredelemnul
Zin
The Shining One

Shops:
D:2 !   D:8 *

Annotations:
D:2 1 runed translucent door, Crazy Yiuf
D:3 1 runed translucent door, ytrimaz's ghost, weakling TrTm
D:5 3 runed translucent doors, Danienth's ghost, weakling DgDe
D:9 3 runed translucent doors, Lobster4's ghost, novice HOFi


Innate Abilities, Weirdness & Mutations

You cannot wear most types of armour.
You are amphibious.
You can wear up to eight rings at the same time.
Your skin changes colour to match your surroundings (Stealth+).
Your rubbery body absorbs attacks. (AC +1, EV +1)
((You are camouflaged when in or above water. (Stealth+)))
You have tentacles for arms and can constrict up to eight enemies at once.


Message History

Your lightning spire shoots out a bolt of lightning at the kobold demonologist!
The bolt of electricity hits the kobold demonologist.
The white imp gestures at you. The puff of frost hits you.
Your wolf barely misses the kobold demonologist.
The rust devil completely misses your wolf.
The kobold demonologist closely misses your wolf.
Your wolf bites the rust devil.
The kobold demonologist hits your lightning spire but does no damage.
Your lightning spire shoots out a bolt of lightning at the kobold demonologist!
The bolt of electricity hits the kobold demonologist!
The kobold demonologist dies!
The white imp disappears in a puff of smoke!
The kobold demonologist completely misses your wolf.
The rust devil hits your wolf.
Your wolf dies!
Your wolf's corpse disappears in a puff of smoke!
Your Spellcasting skill increases to level 11!
Casting: Summon Lightning Spire (dangerous; 1% risk of failure)
Confirm with . or Enter, or press ? or * to list all spells.
Your cactus giant hits the rust devil with a +0 giant spiked club!!
The kobold demonologist hits your guardian golem with a +0 dagger.
The kobold demonologist hits your guardian golem but does no damage.
The kobold demonologist casts a spell.
Your cactus giant disappears in a puff of smoke!
The kobold demonologist gestures wildly while chanting.
The kobold demonologist hits your guardian golem but does no damage.
Blink to where?
Press: ? - help, Dir - move target
As you read the scroll of blinking, it crumbles to dust.
As you read the scroll of teleportation, it crumbles to dust.
You feel strangely unstable. The sixfirhy barely misses you.
The sixfirhy attacks as you move away! The sixfirhy hits you.
The sixfirhy shocks you! The sixfirhy completely misses you.
The sixfirhy hits you!
* * * LOW HITPOINT WARNING * * *
The sixfirhy shocks you!
You die...
Your body crumbles into a pile of gold.

#........# ####........#
.4K9h.......# ###
#.##...h.(..###################..
#.5.$8.....h.................>#..
####........#...............#.#..
# #........#...............#.#..
# #........#..3............#.#..
######.####...@.######.####.#..
#......## #.....# #.# #.#.}
#.......# #.....# #.# #.#..
#.......###.....# #.# #.#..
#.........#.....# #.# #.#..
#......##.####### #.# #.#..
#......##...#### #.# #.###
#########......## #.# #.###
######### #...)...# #.# ##.#..


You could see a sixfirhy (summoned) and a friendly wolf (summoned, sheltered).

Vanquished Creatures
  A kobold brigand (D:10)
  2 ball pythons
  2 endoplasms (D:4)
  A giant cockroach (D:1)
  A hobgoblin (D:3)
  6 jackals
  A bat (D:1)
  3 kobolds
17 creatures vanquished.

Vanquished Creatures (collateral kills)
  An elephant (D:9)
  An unseen horror (D:10)
  2 kobold demonologists
  Sigmund (D:2)
  A wraith (D:10)
  2 wyverns
  A nameless horror (D:11)
  8 yaks
  A basilisk (D:9)
  2 steam dragons
  2 water moccasins (D:6)
  A black bear (D:7)
  14 orc warriors
  5 ice beasts
  3 centaurs
  2 lemures (D:5)
  2 phantoms (D:6)
  A gnoll sergeant (D:7)
  2 kobold brigands (D:6)
  A bullfrog (D:7)
  4 scorpions
  4 wights (D:9)
  5 killer bees (D:9)
  A howler monkey (D:5)
  8 orc priests
  A gnoll bouda (D:9)
  4 hounds
  2 jellies (D:6)
  Terence (D:2)
  4 iguanas
  13 orc wizards
  12 gnolls
  5 adders
  A shadow imp (D:7)
  2 worms (D:2)
  3 dart slugs (D:3)
  50 orcs
  7 bats
  5 endoplasms
  7 giant cockroaches
  8 hobgoblins
  6 jackals
  8 quokkas
  7 ball pythons
  2 frilled lizards
  5 goblins
  28 kobolds
  6 rats
262 creatures vanquished.

Vanquished Creatures (others)
  A two-headed ogre (D:10)
  Pikel (D:5)
  2 orc knights (Bailey)
  A yak (D:9)
  Edmund (D:4)
  A black bear (D:9)
  An orc warrior (D:6)
  An adder (D:4)
  3 fungi (D:9)
  A plant (D:9)
13 creatures vanquished.

Grand Total: 292 creatures vanquished

Notes
Turn   | Place    | Note
-------+----------+-------------------------------------------
     0 | D:1      | cforsyth the Octopode Summoner began the quest for the Orb.
     0 | D:1      | Reached XP level 1. HP: 11/11 MP: 3/3
   298 | D:1      | Reached XP level 2. HP: 5/17 MP: 0/5
   803 | D:1      | Reached XP level 3. HP: 21/21 MP: 4/6
   862 | D:1      | Learned a level 2 spell: Call Imp
   866 | D:1      | Learned a level 3 spell: Call Canine Familiar
  1551 | D:2      | Found Kieh's Distillery.
  1982 | D:2      | Noticed Sigmund
  2136 | D:2      | Reached XP level 4. HP: 24/27 MP: 1/8
  2486 | D:2      | Found a runed translucent door.
  2487 | D:2      | Noticed Crazy Yiuf
  2529 | D:2      | Noticed Terence
  2557 | D:2      | Killed Terence
  2558 | D:2      | Reached skill level 5 in Summonings
  2564 | D:2      | Learned a level 3 spell: Summon Guardian Golem
  2818 | D:2      | Killed Sigmund
  2819 | D:2      | Reached XP level 5. HP: 22/31 MP: 1/11
  2819 | D:2      | Reached XP level 6. HP: 26/36 MP: 1/12
  3127 | D:3      | Learned a level 4 spell: Summon Lightning Spire
  3807 | D:3      | Found a runed translucent door.
  3808 | D:3      | Noticed ytrimaz's ghost (weakling TrTm)
  4082 | D:4      | Noticed Edmund
  4099 | D:4      | Killed Edmund
  4100 | D:4      | Reached skill level 1 in Air Magic
  4329 | D:4      | Found a staircase to the Ecumenical Temple.
  4339 | D:4      | Reached XP level 7. HP: 41/41 MP: 13/13
  4362 | Temple   | Entered the Ecumenical Temple
  4414 | Temple   | Became a worshipper of Gozag Ym Sagoz the Greedy
  4576 | D:4      | Reached skill level 6 in Summonings
  5948 | D:5      | Entered Level 5 of the Dungeon
  6095 | D:5      | Found a runed translucent gate.
  6099 | D:5      | Found a runed translucent gate.
  6099 | D:5      | Identified the +0 plate armour "Taerer" {-Cast Will+ Dex+2}
  6099 | D:5      | Noticed Danienth's ghost (weakling DgDe)
  6100 | D:5      | Found a runed translucent gate.
  6244 | D:5      | Noticed Pikel
  6247 | D:5      | Reached XP level 8. HP: 40/46 MP: 5/15
  6248 | D:5      | Reached skill level 5 in Spellcasting
  6251 | D:5      | Killed Pikel
  6265 | D:5      | Reached skill level 7 in Summonings
  6981 | D:6      | Reached skill level 5 in Hexes
  7055 | D:6      | Reached XP level 9. HP: 51/51 MP: 9/18
  7183 | D:6      | Reached skill level 5 in Air Magic
  7402 | D:6      | Reached skill level 8 in Summonings
  8115 | D:6      | Found a white marble altar of Elyvilon.
  8692 | D:7      | Reached skill level 9 in Summonings
  8807 | D:7      | Reached XP level 10. HP: 39/56 MP: 14/21
  9730 | D:8      | Found Biyshris's General Store.
  9737 | D:8      | Identified the ring of the Princeling {Drain rPois rN++
                  | Str+4}
 10132 | D:8      | Found a sacrificial altar of Ru.
 10488 | D:8      | Found a hazy altar of Hepliaklqana.
 11063 | D:9      | Reached skill level 10 in Summonings
 11128 | D:9      | Found an ornate altar of the Wu Jian Council.
 11297 | D:9      | Found a staircase to the Orcish Mines.
 11376 | D:9      | Noticed an elephant
 11415 | D:9      | Killed an elephant
 11540 | D:9      | Reached skill level 11 in Summonings
 11650 | D:9      | Found a staircase to the Lair.
 11698 | D:9      | Found a runed translucent gate.
 11700 | D:9      | Found a runed translucent gate.
 11700 | D:9      | Found a runed translucent gate.
 11701 | D:9      | Noticed a spectral centaur warrior
 11704 | D:9      | Noticed Lobster4's ghost (novice HOFi)
 11791 | D:10     | Entered Level 10 of the Dungeon
 11894 | D:10     | Found a flagged portal.
 11901 | D:10     | Identified the +0 halberd of Disaster {spect, Dex+2}
 11915 | Bailey   | Entered a bailey
 12038 | Bailey   | Reached XP level 11. HP: 38/61 MP: 16/24
 12286 | Bailey   | Reached skill level 10 in Spellcasting
 12866 | Bailey   | Noticed an orc knight
 12866 | Bailey   | Noticed an orc knight
 12871 | Bailey   | Killed an orc knight
 12876 | Bailey   | Killed an orc knight
 13133 | D:10     | Noticed a two-headed ogre
 13143 | D:10     | Killed a two-headed ogre
 13299 | D:10     | Reached skill level 12 in Summonings
 13317 | D:10     | Learned a level 6 spell: Summon Cactus Giant
 13532 | D:10     | Found a basalt altar of Yredelemnul.
 13535 | D:10     | Found a glowing golden altar of the Shining One.
 13540 | D:10     | Found a burning altar of Makhleb.
 14312 | D:11     | Noticed a sun demon
 14441 | D:10     | Noticed a sixfirhy
 14446 | D:10     | Slain by a sixfirhy

Illustrated notes

Levels and vault maps discovered:
D:1:      co_arrival_two_rings, layout_basic
D:2:      layout_loops_ring, serial_shops, shop, minivault_19,
          uniq_crazy_yiuf_cottage, uniq_terence, uniq_sigmund
D:3:      layout_basic, ebering_ghost_reflecting_pool
D:4:      layout_basic, minmay_temple_entry_glass, serial_curves,
          eino_curves_02, eino_curves_02, uniq_edmund
D:5:      nicolae_cairo_tiling_large_dashed, layout_basic,
          biasface_ghost_orc_armoury, roderic_serpentine_path,
          chequers_decorated_corner, uniq_pikel
D:6:      cheibrodos_thug_alley, layout_basic, elyvilon_altar_1
D:7:      layout_basic, roderic_nine_men_s_morris
D:8:      layout_basic, mainiacjoe_overflow_alcove_4, nicolae_ru_awakened_eye,
          serial_shops, nicolae_stop_n_shop_2
D:9:      layout_roguey, nicolae_wu_jian_wuxing_cycle, david_lair_generic,
          gammafunk_ghost_necromancy
D:10:     layout_basic, grunt_temple_overflow_diamond, enter_bailey_2
D:11:     hangedman_cross_veins, layout_irregular_city
Temple:   eino_wide_crystal_templ

Skill      XL: |  1  2  3  4  5  6  7  8  9 10 11 |
---------------+----------------------------------+-----
Spellcasting   | 3 4 6 7 9 11 | 11.0
Summonings     | 5 6 7 9 11 12 | 12.3
Hexes          | 2 3 5 |  5.0
Air Magic      | 1 2 4 5 |  5.0
Dodging        | |  2.0
Stealth        | |  2.6

Action                     |  1- 3 |  4- 6 |  7- 9 | 10-12 || total
---------------------------+-------+-------+-------+-------++-------
  Melee: Unarmed           |    14 |     5 |    30 |       ||    49
         Constrict         |     5 |     1 |     4 |     1 ||    11
         Tentacles         |     6 |     2 |     7 |       ||    15
         Punch             |       |       |     1 |     1 ||     2
         Staff             |       |       |       |     4 ||     4
   Cast: Summon Small Mamm |    43 |    10 |    29 |     7 ||    89
         Call Canine Famil |    14 |    19 |    35 |    31 ||    99
         Call Imp          |     7 |     5 |    15 |     9 ||    36
         Summon Guardian G |       |     3 |    12 |    27 ||    42
         Summon Lightning  |       |       |    12 |    28 ||    40
         Summon Cactus Gia |       |       |       |     3 ||     3
  Evoke: Wand              |       |       |       |     3 ||     3
    Use: Scroll            |       |     6 |     6 |    14 ||    26
         Potion            |       |       |     2 |     3 ||     5
   Stab: Sleeping          |       |       |     1 |       ||     1
         Distracted        |       |       |     2 |       ||     2
 Armour: Skin              |    10 |     1 |     2 |     2 ||    15
  Dodge: Dodged            |    47 |    16 |    33 |    38 ||   134

Table legend: (Time is in decaauts)
 A = Elapsed time spent in this place.
 B = Non-inter-level travel time spent in this place.
 C = Inter-level travel time spent in this place.
 D = Time resting spent in this place.
 E = Time spent auto-exploring this place.
 F = Levels seen in this place.
 G = Mean time per level.
                   A        B        C        D        E       F      G
               +--------+--------+--------+--------+--------+-----+--------+
         Total |  14466 |  14206 |    260 |   1840 |   9515 |  13 | 1112.8 |
       Dungeon |  13202 |  12964 |    238 |   1428 |   9085 |  11 | 1200.2 |
        Temple |    111 |     89 |     22 |      0 |     72 |   1 |  111.0 |
        Bailey |   1152 |   1152 |      0 |    412 |    358 |   1 | 1152.0 |
               +--------+--------+--------+--------+--------+-----+--------+

Top non-repeatable levels by time:
     D:4: 1771 daAuts
     D:1: 1602 daAuts
    D:10: 1471 daAuts
     D:6: 1439 daAuts
     D:2: 1427 daAuts
     D:8: 1225 daAuts
  Bailey: 1152 daAuts
     D:7: 1101 daAuts
     D:5: 1052 daAuts
     D:9: 1043 daAuts
     D:3: 1034 daAuts
  Temple: 111 daAuts
    D:11: 32 daAuts
